 Dungeon Crawl Stone Soup version 0.31-a0-236-g9a0961fb85 (webtiles) character file.

Game seed: 4998418222596784006

111 qw the Shooter (level 4, 0/26 HPs)
             Began as a Gargoyle Hexslinger on July 9, 2023.
             Slain by an orc
             ... wielding a +0 war axe
              (6 damage)
             ... on level 3 of the Dungeon.
             The game lasted 00:00:41 (1774 turns).

qw the Shooter (Gargoyle Hexslinger)                Turns: 1774, Time: 00:00:42

Health: 0/26       AC:  7    Str: 11    XL:     4   Next: 92%
Magic:  5/5        EV: 11    Int: 14    God:
Gold:   130        SH:  0    Dex: 14    Spells: 4/5 levels left

rFire   . . .        Y - +3 sling
rCold   . . .        (no shield)
rNeg    + . .        d - +1 leather armour {Will+}
rPois   inf          (no helmet)
rElec   +            (no cloak)
rCorr   .            (no gloves)
SInv    .            (no boots)
Will    +....        g - amulet of the acrobat
Stlth   +            (no ring)
HPRegen 0.24/turn    (no ring)
MPRegen 0.09/turn

%: acrobat
@: no status effects
A: sickness immunity, AC +3, negative energy resistance 1, electricity
resistance, torment resistance 1, petrification resistance
a: no special abilities


You were on level 3 of the Dungeon.
You visited 1 branch of the dungeon, and saw 3 of its levels.

You collected 130 gold pieces.


Innate Abilities, Weirdness & Mutations

You are immune to sickness and miasma.
Your stone body is resilient. (AC +3)
You are immune to poison.
You resist negative energy. (rN+)
You are resistant to electric shocks. (rElec)
You are resistant to unholy torment.
You are immune to petrification.


   Skills:
 - Level 2.0 Fighting
 + Level 4.6 Ranged Weapons
 - Level 1.5 Dodging
 - Level 1.0 Spellcasting
 - Level 2.6 Hexes


You had 4 spell levels left.
You knew the following spells:

 Your Spells              Type           Power      Damage    Failure   Level
a - Slow                  Hex            32%        N/A       12%         1

Your spell library contained the following spells:

 Spells                   Type           Power      Damage    Failure   Level
 Inner Flame              Hex/Fire       4%         N/A       52%         3
 Portal Projectile        Hex/Tloc       8%         N/A       52%         3
 Cause Fear               Hex            4%         N/A       75%         4

Inventory:

Hand Weapons
 Y - a +3 sling (weapon)
Armour
 d - a +1 leather armour of willpower (worn)
Jewellery
 g - an amulet of the acrobat (around neck)
Potions
 b - a potion of lignification {unknown}
 f - a potion of haste {unknown}

Dungeon Overview and Level Annotations

Branches:
Dungeon (3/15)

Altars:
Qazlal

Shops:
D:2 !


Message History

The sling bullet hits the orc priest but does no damage.
The orc priest calls down the wrath of Beogh upon you.
You resist with some effort.
You shoot a sling bullet. The sling bullet barely misses the orc.
You shoot a sling bullet. The sling bullet hits the orc!
The orc is almost dead.
The orc hits you but does no damage.
You shoot a sling bullet. The sling bullet barely misses the orc.
The orc priest barely misses you. The orc hits you with a +0 short sword.
You shoot a sling bullet.
The sling bullet closely misses the orc.
The orc priest looks braver for a moment.
The orc hits you but does no damage.
The orc priest hits you but does no damage.
The orc hits you but does no damage.
You shoot a sling bullet. The sling bullet hits the orc.
You kill the orc!
The orc priest mumbles some strange prayers to Beogh against you.
Beogh smites you!
Ouch! That really hurt!
You shoot a sling bullet. The sling bullet hits the orc priest!
The orc priest is severely wounded.
You shoot a sling bullet.
The sling bullet completely misses the orc priest.
The orc hits you with a +0 falchion. The orc priest barely misses you.
You shoot a sling bullet.
The sling bullet barely misses the orc priest.
The orc hits you with a +0 falchion. The orc priest barely misses you.
The orc closely misses you.
The orc priest hits you but does no damage.
You shoot a sling bullet.
The sling bullet closely misses the orc priest.
The orc barely misses you.
The orc priest hits you but does no damage.
You shoot a sling bullet. The sling bullet hits the orc priest.
You kill the orc priest!
You shoot a sling bullet. The sling bullet hits the orc.
The orc is heavily wounded.
The orc barely misses you. The orc hits you with a +0 war axe.
You die...

####### #########
..=....######........
......o@.........#
######o######.##.# #o
#.##.# #. #.##.#
#%######.##.#######
...................
#........##.#######
..#########.# #.#


You could see 3 orcs.

Vanquished Creatures
  An orc priest (D:3)
  2 adders (D:2)
  A worm (D:2)
  4 dart slugs
  An orc (D:3)
  3 ball pythons (D:1)
  4 endoplasms
  2 giant cockroaches
  2 hobgoblins (D:1)
  3 jackals (D:1)
  2 quokkas (D:1)
  5 bats
  5 frilled lizards
  4 goblins
  9 kobolds
  5 rats
53 creatures vanquished.

Notes
Turn   | Place    | Note
-------+----------+-------------------------------------------
     0 | D:1      | qw the Gargoyle Hexslinger began the quest for the Orb.
     0 | D:1      | Reached XP level 1. HP: 12/12 MP: 2/2
     0 | D:1      | 0 ||| qw: Version: 0.3-a-51-g015441d
     0 | D:1      | 0 ||| qw: Game counter: 4380
     0 | D:1      | 0 ||| qw: Melee chars always use a shield: true
     0 | D:1      | 0 ||| qw: God list: Okawaru
     0 | D:1      | 0 ||| qw: Allow faded altars: false
     0 | D:1      | 0 ||| qw: Do Orc after clearing Dungeon:15 true
     0 | D:1      | 0 ||| qw: Do second Lair branch before Depths: true
     0 | D:1      | 0 ||| qw: Lair rune preference: random
     0 | D:1      | 0 ||| qw: Goals: Normal
     0 | D:1      | 0 ||| PLANNING D:1-11
   109 | D:1      | Reached XP level 2. HP: 13/16 MP: 3/3
   259 | D:1      | Reached skill level 3 in Ranged Weapons
   364 | D:1      | Reached XP level 3. HP: 21/21 MP: 4/4
   749 | D:1      | 749 ||| UPGRADING to +1 leather armour of willpower.
   759 | D:1      | 759 ||| DROPPING +0 robe.
   760 | D:1      | 760 ||| UPGRADING to amulet of the acrobat.
   765 | D:1      | 765 ||| READING scroll labelled ZUCECH MAMIM.
   766 | D:1      | 766 ||| READING scroll labelled MOSTRU VINANIUW.
   767 | D:1      | 767 ||| READING scroll labelled FOUPTIS LYSH.
   768 | D:1      | 768 ||| READING scroll labelled KAVYIM ZADUDA.
   769 | D:1      | 769 ||| READING scroll labelled YMIHU YBBEACU.
   770 | D:1      | 770 ||| READING scroll labelled KUEMEL QAUPREU.
   771 | D:1      | 771 ||| DROPPING scroll of poison.
   846 | D:2      | Found Hoemye's Distillery.
  1023 | D:2      | Found a stormy altar of Qazlal.
  1048 | D:2      | Reached XP level 4. HP: 24/26 MP: 5/5
  1054 | D:2      | Reached skill level 4 in Ranged Weapons
  1231 | D:2      | 1231 ||| READING scroll of enchant weapon.
  1231 | D:2      | 1231 ||| ENCHANTING +2 sling.
  1570 | D:2      | Found a faded altar of an unknown god.
  1660 | D:2      | 1660 ||| READING scroll labelled KUTURPH OHIEDYK.
  1681 | D:2      | 1681 ||| READING 2 scrolls labelled TOPRUY GOPPOSELI.
  1682 | D:2      | 1682 ||| DROPPING scroll of noise.
  1760 | D:3      | 1760 ||| Stepping ~*~*~tactically~*~*~ (outnumbered).
  1771 | D:3      | HP: 5/26 [orc/+0 falchion (4)]
  1774 | D:3      | Slain by an orc

Levels and vault maps discovered:
D:1:      psy_arrival_radial02, layout_basic
D:2:      layout_loops_ring, serial_shops, shop_statue, basic_altar,
          chequers_ecumenical_altar_lobes
D:3:      layout_basic, lemuel_coloured_pillars_altar, uniq_terence

Skill      XL: |  1  2  3  4 |
---------------+-------------+-----
Ranged Weapons | 3 4 |  4.6
Fighting       | 2 |  2.0
Dodging        | |  1.5
Spellcasting   | |  1.0
Hexes          | |  2.6

Action                     |  1- 3 |  4- 6 || total
---------------------------+-------+-------++-------
   Fire: Sling             |   125 |    44 ||   169
    Use: Scroll            |     6 |     3 ||     9
 Armour: Robe              |    16 |       ||    16
         Leather armour    |     7 |    13 ||    20
  Dodge: Dodged            |    38 |    10 ||    48

Table legend:
 A = Non-vault XP
 B = Vault XP
 C = Vault XP percentage of total XP
 D = Non-vault monster count
 E = Vault monster count
 F = Vault count percentage of total count
                 A         B        C        D         E       F
            +---------+---------+-------+---------+---------+-------
      Total |     159 |       0 |   0.0 |      53 |       0 |   0.0
            +---------+---------+-------+---------+---------+-------
        D:1 |      55 |       0 |   0.0 |      32 |       0 |   0.0
        D:2 |      59 |       0 |   0.0 |      18 |       0 |   0.0
        D:3 |      45 |       0 |   0.0 |       3 |       0 |   0.0
            +---------+---------+-------+---------+---------+-------
